 Dungeon Crawl Stone Soup version 0.19.5 (webtiles) character file.

69 Gargoyl the Skirmisher (level 4, 0/38 (40) HPs)
             Began as a Ghoul Abyssal Knight on Apr 3, 2017.
             Was a Follower of Lugonu.
             Slain by an adder (4 damage)
             ... on level 2 of the Dungeon.
             The game lasted 00:03:50 (1276 turns).

Gargoyl the Skirmisher (Ghoul Abyssal Knight)       Turns: 1276, Time: 00:03:51

HP:   0/38 (40)     AC: 12    Str: 15    XL:     4   Next: 20%
MP:   4/4           EV:  4    Int:  7    God:    Lugonu [*.....]
Gold: 76            SH:  0    Dex:  9    Spells: 0 memorised, 3 levels left

rFire  . . .     SeeInvis .     e - +0 broad axe
rCold  + + .     Gourm    .     f - +0 plate armour {rC+}
rNeg   + + +     Faith    .     (no shield)
rPois  ∞         Spirit   .     b - +0 helmet
rElec  .         Reflect  .     (no cloak)
rCorr  .         Harm     .     (no gloves)
MR     .....                    (no boots)
Stlth  ..........               (no amulet)
                                (no ring)
                                (no ring)

@: rotting
A: rotting body, claws 1, carnivore 3, cold resistance 1, negative energy
resistance 3, slow regeneration 1, torment resistance, unbreathing
a: Depart the Abyss, Renounce Religion


You were on level 2 of the Dungeon.
You worshipped Lugonu.
Lugonu was aware of your devotion.
You were not hungry.

You visited 1 branch of the dungeon, and saw 2 of its levels.
You visited the Abyss 1 time.

You collected 76 gold pieces.

Inventory:

Hand Weapons
 a - a +1 hand axe
 e - a +0 broad axe (weapon)
 h - a +0 spear
Armour
 b - a +0 helmet (worn)
 f - a +0 plate armour of cold resistance (worn)
Scrolls
 i - 2 scrolls of remove curse {unknown}
Comestibles
 c - 2 meat rations
 d - a slice of pizza


   Skills:
 + Level 3.7 Fighting
 + Level 2.3 Axes
 * Level 2.9 Armour
 + Level 0.8 Dodging
 * Level 2.6 Invocations


You had 3 spell levels left.
You didn't know any spells.

Dungeon Overview and Level Annotations

Branches:
Dungeon (2/15)

Altars:


Innate Abilities, Weirdness & Mutations

Your body is rotting away.
You thrive on raw meat.
You are immune to poison.
You have sharp fingernails.
You are carnivorous and can eat meat at any time.
Your flesh is cold resistant. (rC+)
You are immune to negative energy. (rN+++)
You regenerate slowly when monsters are visible.
You are immune to unholy pain and torment.
You can survive without breathing.


Message History

You closely miss the adder.
The adder bites you but does no damage. x2
It was a potion of cure mutation.
It has a very clean taste.
The adder bites you.
* * * LOW HITPOINT WARNING * * *
You closely miss the adder. The adder bites you but does no damage.
The adder bites you.
* * * LOW HITPOINT WARNING * * *
You barely miss the adder. The adder bites you.
* * * LOW HITPOINT WARNING * * *
The adder bites you but does no damage.
You closely miss the adder. The adder bites you.
* * * LOW HITPOINT WARNING * * *
The adder bites you but does no damage.
You barely miss the adder.
The adder bites you but does no damage. x2
You miss the adder.
The adder bites you but does no damage. x2
You miss the adder.
The adder bites you but does no damage. x2
You hit the adder.
The adder is moderately wounded.
The adder bites you.
You die...

......
......
......
######....
#........
#......#
#?.....#
#.$.@..#
#.#S##.#
#. .# ##
##


You could see an adder.

Vanquished Creatures
  Robin (D:1)
  An adder (D:1)
  An ooze (D:1)
  3 dart slugs (D:1)
  A leopard gecko (D:1)
  13 goblins (D:1)
  8 hobgoblins (D:1)
  A kobold (D:1)
  2 ball pythons (D:1)
  A bat (D:2)
  A frilled lizard (D:1)
  2 rats (D:1)
35 creatures vanquished.

Notes
Turn   | Place    | Note
-------+----------+-------------------------------------------
     0 | Abyss:1  | Gargoyl the Ghoul Abyssal Knight began the quest for the Orb.
     0 | Abyss:1  | Reached XP level 1. HP: 19/19 MP: 1/1
     1 | Abyss:1  | Found a shattered altar of Ashenzari.
    24 | Abyss:1  | Noticed a large abomination
    76 | Abyss:2  | Noticed a neqoxec
    78 | Abyss:2  | Noticed an iron imp
   126 | Abyss:3  | Noticed a smoke demon
   127 | D:1      | Escaped the Abyss
   283 | D:1      | Reached XP level 2. HP: 23/26 MP: 2/2
   286 | D:1      | Reached * piety under Lugonu
   644 | D:1      | Reached XP level 3. HP: 31/31 MP: 3/3
   941 | D:2      | Noticed Robin
  1189 | D:2      | Reached XP level 4. HP: 40/40 MP: 4/4
  1196 | D:1      | Killed Robin
  1276 | D:2      | Slain by an adder

Skill      XL: |  1  2 |
---------------+-------+-----
Armour         | 2 |  2.9
Axes           | 2 |  2.3
Fighting       | |  3.7
Dodging        | |  0.8
Invocations    | |  2.6

Action                   |  1- 3 |  4- 6 || total
-------------------------+-------+-------++-------
Melee: Broad axe         |   134 |    56 ||   190
Invok: Depart the Abyss  |     1 |       ||     1
  Use: Scroll            |     1 |       ||     1
       Potion            |     1 |     1 ||     2
  Eat: Chunk             |    15 |       ||    15
Armor: Ring mail         |     6 |       ||     6
       Leather armour    |     1 |       ||     1
       Plate armour      |   182 |    75 ||   257
Dodge: Dodged            |    56 |    14 ||    70
